 Dungeon Crawl Stone Soup version 0.22-a0-223-g0f5d773 (webtiles) character file.

7 sankara the Grave Robber (level 2, -1/20 HPs)
             Began as a Ghoul Necromancer on Feb 18, 2018.
             Slain by a leopard gecko (2 damage)
             ... on level 1 of the Dungeon.
             The game lasted 00:01:47 (102 turns).

sankara the Grave Robber (Ghoul Necromancer)         Turns: 102, Time: 00:01:49

Health: -1/20      AC:  2    Str: 11    XL:     2   Next: 0%
Magic:  0/3        EV: 12    Int: 10    God:
Gold:   0          SH:  0    Dex:  9    Spells: 2/4 levels left

rFire    . . .     SeeInvis .   a - +0 short sword
rCold    + . .     Gourm    .   (no shield)
rNeg     + + +     Faith    .   e - +0 robe
rPois    ∞         Spirit   .   (no helmet)
rElec    .         Reflect  .   (no cloak)
rCorr    .         Harm     .   (no gloves)
MR       .....                  (no boots)
Stlth    ++........             (no amulet)
HPRegen  0.00/turn              (no ring)
MPRegen  0.08/turn              (no ring)

@: rotting
A: rotting body, claws 1, carnivore, cold resistance 1, negative energy
resistance 3, inhibited regeneration, torment resistance, unbreathing
a: no special abilities


You were on level 1 of the Dungeon.
You were not hungry.

You visited 1 branch of the dungeon, and saw 1 of its levels.

Inventory:

Hand Weapons
 a - a +0 short sword (weapon)
   (You took it off a kobold on level 1 of the Dungeon)
Armour
 e - a +0 robe (worn)
Scrolls
 c - a scroll of teleportation {unknown}
Comestibles
 b - a ration
 d - a chunk of flesh {@w0}


   Skills:
 * Level 0.3 Short Blades
 - Level 1.7 Dodging
 + Level 2.5 Stealth
 - Level 1.7 Spellcasting
 + Level 4.1 Necromancy


You had 2 spell levels left.
You knew the following spells:

 Your Spells              Type           Power        Failure   Level  Hunger
a - Pain                  Necr           #...         6%          1    ##.....
b - Animate Skeleton      Necr           N/A          6%          1    ##.....


Dungeon Overview and Level Annotations

Branches:
Dungeon (1/15)

Altars:


Innate Abilities, Weirdness & Mutations

Your body is rotting away.
You thrive on raw meat.
You are immune to poison.
You have sharp fingernails.
You are carnivorous and can eat meat at any time.
Your flesh is cold resistant. (rC+)
You are immune to negative energy. (rN+++)
You do not regenerate when monsters are visible.
You are immune to unholy pain and torment.
You can survive without breathing.


Message History

The kobold shouts!
The kobold writhes in agony!
You kill the kobold!
You hear an angry hiss.
You start resting.
A leopard gecko comes into view.
Casting: Pain (safe; 6% risk of failure)
Confirm with . or Enter, or press ? or * to list all spells.
Aiming: Pain (safe; 6% risk of failure)
Press: ? - help, Shift-Dir - straight line, f - leopard gecko
Aim: a leopard gecko (clinging, chance to defeat MR: 73%)
You miscast Pain.
You smell decay.
Casting: Pain (safe; 6% risk of failure)
Confirm with . or Enter, or press ? or * to list all spells.
Okay, then.
The leopard gecko bites you.
You closely miss the leopard gecko. The leopard gecko closely misses you.
You scratch the leopard gecko.
The leopard gecko is heavily wounded.
The leopard gecko barely misses you. The leopard gecko misses you.
You scratch the leopard gecko but do no damage.
The leopard gecko is heavily wounded.
The leopard gecko closely misses you.
You closely miss the leopard gecko.
The leopard gecko is heavily wounded.
The leopard gecko misses you.
You barely miss the leopard gecko.
The leopard gecko is heavily wounded.
The leopard gecko bites you but does no damage.
You scratch the leopard gecko.
You kill the leopard gecko!
You see here a leopard gecko corpse.
You butcher the leopard gecko corpse.
d - 2 chunks of flesh {@w0} A goblin comes into view.
It is wielding a club.
A kobold comes into view. It is wielding a short sword.
The kobold moves out of view.
e - a short sword Wield which item (- for none, * to show all)? (? for menu, Esc to quit)
e - a +0 short sword (weapon)
Adjust (i)tems, (s)pells, or (a)bilities?
Adjust which item? (? for menu, Esc to quit)
e - a +0 short sword (weapon)
Adjust to which letter? (? for menu, Esc to quit)
a - a +0 short sword (weapon);
e - a +0 robe (worn)
The goblin barely misses you.
You closely miss the goblin. The goblin hits you with a club.
Your magical contamination has completely faded away.
You closely miss the goblin. The goblin closely misses you.
You hit the goblin.
You kill the goblin!
No target in view!
You see here a club.
You start resting.
Eating one of 2 chunks of flesh {@w0}.
You eat one of the 2 chunks of flesh {@w0}.
You feel more resilient.
This raw flesh tastes great!
HP restored.
Memorise Animate Skeleton, consuming 1 spell level and leaving 1?
You start memorising the spell.
You continue memorising.
You finish memorising.
Spell assigned to 'b'.
A goblin comes into view. It is wielding a club.
The goblin shouts!
You hear a shout!
You hear an angry hiss.
The goblin hits you with a club.
A hobgoblin comes into view. It is wielding a club.
You are too injured to fight recklessly!
You are too injured to fight recklessly!
You are too injured to fight recklessly!
You are too injured to fight recklessly!
You closely miss the goblin. The goblin hits you with a club.
A leopard gecko comes into view.
You hit the goblin but do no damage. The goblin misses you.
Casting: Pain (safe; 6% risk of failure)
Confirm with . or Enter, or press ? or * to list all spells.
Aiming: Pain (safe; 6% risk of failure)
Press: ? - help, Shift-Dir - straight line, f - goblin
Aim: a goblin, wielding a club (chance to defeat MR: 76%)
The goblin writhes in agony!
You kill the goblin!
Casting: Pain (safe; 6% risk of failure)
Confirm with . or Enter, or press ? or * to list all spells.
Aiming: Pain (safe; 6% risk of failure)
Press: ? - help, Shift-Dir - straight line, f - hobgoblin
Aim: a hobgoblin, wielding a club (chance to defeat MR: 76%)
The hobgoblin writhes in agony!
You hit the hobgoblin.
You kill the hobgoblin!
You have reached level 2!
You closely miss the leopard gecko. The leopard gecko bites you.
* * * LOW HITPOINT WARNING * * *
The leopard gecko bites you.
* * * LOW HITPOINT WARNING * * *
Casting: Pain (safe; 6% risk of failure)
Confirm with . or Enter, or press ? or * to list all spells.
Aiming: Pain (safe; 6% risk of failure)
Press: ? - help, Shift-Dir - straight line, f - leopard gecko
Aim: a leopard gecko (clinging, chance to defeat MR: 76%)
The leopard gecko barely resists.
The kobold shouts!
The leopard gecko bites you.
You die...

.. #........ . #.
###..K...... ..
#.##........... ..
#.....#....... ..
#..#..##..#..#
..####...)........ #
#.......######.# .###
##.###....)..##.##.[.##
#...)...####...l@.....#.
...###.####.#######.....
..## #.###..#.....#...##
.# ###......#..<..#...#
. ....##...#.....#...#
###......#.....#...#
#.###..##'''##...# #.#
#............#
#..............


You could see a leopard gecko and a kobold.

Vanquished Creatures
  A leopard gecko (D:1)
  2 goblins (D:1)
  A hobgoblin (D:1)
  A kobold (D:1)
5 creatures vanquished.

Notes
Turn   | Place    | Note
-------+----------+-------------------------------------------
     0 | D:1      | sankara the Ghoul Necromancer began the quest for the Orb.
     0 | D:1      | Reached XP level 1. HP: 14/14 MP: 2/2
    72 | D:1      | Learned a level 1 spell: Animate Skeleton
    95 | D:1      | Reached XP level 2. HP: 7/20 MP: 0/3
    96 | D:1      | HP: 2/20 [leopard gecko (5)]
   102 | D:1      | Slain by a leopard gecko

Vault maps used:
D:1:      dpeg_arrival_windows_large_door

Action                   || total
-------------------------++-------
Melee: Short sword       ||     7
       Unarmed           ||     6
 Cast: Pain              ||     4
  Eat: Chunk             ||     1
Armor: Robe              ||     1
Dodge: Dodged            ||     8

Table legend:
 A = Spawn XP
 B = Non-spawn XP
 C = Spawn XP percentage of total XP
 D = Spawn monster count
 E = Non-spawn monster count
 F = Spawn count percentage of total count
 G = Total turns spent on level
                    A         B        C        D         E        F      G
               +---------+---------+-------+---------+---------+-------+---------
         Total |       0 |      10 |   0.0 |       0 |       5 |   0.0 |   102
               +---------+---------+-------+---------+---------+-------+---------
           D:1 |       0 |      10 |   0.0 |       0 |       5 |   0.0 |   102
               +---------+---------+-------+---------+---------+-------+---------

Vault maps used:
D:1:      dpeg_arrival_windows_large_door

Table legend:
 A = Turns spent in this place as a percentage of turns spent in the entire game.
 B = Non-inter-level travel turns spent in this place as a percentage of non-inter-level travel turns spent in the entire game.
 C = Inter-level travel turns spent in this place as a percentage of turns spent in this place.
 D = Turns resting spent in this place as a percentage of non-inter-level travel turns spent in this place.
 E = Turns spent auto-exploring this place as a percentage of non-inter-level travel turns spent in this place.
 F = Non-inter-level travel turns spent in this place divided by the number of levels of this place that you've seen.
                   A       B       C       D       E      F
               +-------+-------+-------+-------+-------+----------------------
         Total | 100.0 | 100.0 |   0.0 |  14.7 |  21.6 | 102.0
       Dungeon | 100.0 | 100.0 |   0.0 |  14.7 |  21.6 | 102.0
               +-------+-------+-------+-------+-------+----------------------

Table legend:
 A = Kills in this place as a percentage of kills in entire the game.
 B = Kills by you in this place as a percentage of kills by you in the entire game.
 C = Kills by friends in this place as a percentage of kills by friends in the entire game.
 D = Other kills in this place as a percentage of other kills in the entire game.
 E = Experience gained in this place as a percentage of experience gained in the entire game.
 F = Experience gained in this place divided by the number of levels of this place that you have seen.
                   A       B       C       D       E      F
               +-------+-------+-------+-------+-------+----------------------
         Total | 100.0 | 100.0 |   N/A |   N/A | 100.0 |  10.0
       Dungeon | 100.0 | 100.0 |   N/A |   N/A | 100.0 |  10.0
               +-------+-------+-------+-------+-------+----------------------
